 Dungeon Crawl Stone Soup version 0.30-a0-165-g1891117ce2 (webtiles) character file.

Game seed: 16958725792895474764

2168 LnG the Covert (level 9, -1/49 HPs)
             Began as a Kobold Summoner on Sept 28, 2022.
             Slain by a yak (7 damage)
             ... on level 5 of the Dungeon.
             The game lasted 00:26:44 (8093 turns).

LnG the Covert (Kobold Summoner)                    Turns: 8093, Time: 00:26:45

Health: -1/49      AC: 12    Str:  5    XL:     9   Next: 57%
Magic:  2/17       EV: 17    Int: 21    God:
Gold:   82         SH:  0    Dex: 15    Spells: 6/19 levels left

rFire   . . .      SeeInvis .    q - +0 dagger (protect)
rCold   . . .      Faith    .    (no shield)
rNeg    . . .      Spirit   .    a - +0 robe
rPois   .          Reflect  .    (no helmet)
rElec   .          Harm     .    k - scarf {shadows}
rCorr   .          Rampage  .    o - +1 Delatra's gloves {ID++}
Will    .....                    t - +0 pair of boots
Stlth   +++++.....               (no amulet)
HPRegen 0.16/turn                (no ring)
MPRegen 0.15/turn                (no ring)

@: about to teleport, under a protective aura
A: small, no large weapons, nightstalker 3
a: no special abilities


You were on level 5 of the Dungeon.
You visited 2 branches of the dungeon, and saw 6 of its levels.

You collected 312 gold pieces.
You spent 230 gold pieces at shops.

Inventory:

Hand Weapons
 q - a +0 dagger of protection (weapon)
Armour
 a - a +0 robe (worn)
 k - a scarf of shadows (worn)
 o - the +1 Delatra's gloves (worn) {ID++}
   (You found it on level 4 of the Dungeon)

   It heals its wearer when they drink unknown potions.
   It restores its wearer's MP when they read unknown scrolls.
 t - a +0 pair of boots (worn)
Wands
 m - a wand of light (5)
 w - a wand of charming (3)
 y - a wand of iceblast (6)
Scrolls
 c - a scroll of fear
 f - 2 scrolls of poison
 h - 2 scrolls of teleportation
 j - 2 scrolls of butterflies
 l - a scroll of enchant armour
 n - a scroll of immolation {unknown}
 p - a scroll of brand weapon {unknown}
 r - a scroll of magic mapping
 s - 2 scrolls of blinking
 v - 2 scrolls of identify
Potions
 b - 3 potions of magic
 d - a potion of heal wounds
 e - 3 potions of berserk rage
 g - a potion of mutation {unknown}
 i - 2 potions of flight {unknown}
 u - a potion of haste {unknown}
 x - a potion of lignification {unknown}
 z - a potion of might {unknown}
 A - 2 potions of attraction {unknown}


   Skills:
 + Level 2.9 Fighting
 + Level 6.0 Short Blades
 + Level 5.9 Dodging
 + Level 9.5 Stealth
 + Level 5.6 Spellcasting
 + Level 6.2 Summonings
 + Level 0.5 Air Magic


You had 6 spell levels left.
You knew the following spells:

 Your Spells              Type           Power      Damage    Failure   Level
a - Summon Small Mammal   Summ           100%       N/A       1%          1
b - Call Imp              Summ           32%        N/A       1%          2
c - Call Canine Familiar  Summ           32%        N/A       2%          3
d - Summon Guardian Gole  Hex/Summ       19%        N/A       9%          3
e - Summon Lightning Spi  Summ/Air       20%        N/A       24%         4

Your spell library contained the following spells:

 Spells                   Type           Power      Damage    Failure   Level
 Apportation              Tloc           10%        N/A       10%         1
 Magic Dart               Conj           20%        1d4       10%         1
 Sublimation of Blood     Necr           5%         N/A       16%         2
 Wereblood                Tmut           5%         N/A       16%         2
 Kindle Blastsparks       Fire/Tloc/Air  12%        2d11      28%         3
 Mephitic Cloud           Conj/Pois/Air  6%         N/A       28%         3
 Ignite Poison            Fire/Tmut/Pois 5%         N/A       30%         3
 Alistair's Intoxication  Tmut/Pois      3%         N/A       95%         5
 Freezing Cloud           Conj/Ice/Air   3%         6-21      95%         5
 Summon Hydra             Summ           16%        N/A       100%        7


Dungeon Overview and Level Annotations

Branches:
Dungeon (5/15)             Temple (1/1) D:5

Altars:
Ashenzari
Elyvilon
Fedhas
Gozag
Hepliaklqana
Kikubaaqudgha
Makhleb
Nemelex Xobeh
Okawaru
Qazlal
Ru
Sif Muna
Trog
Vehumet
Zin
The Shining One

Shops:
D:1 *[(?(   D:4 *


Innate Abilities, Weirdness & Mutations

You are small and have problems with some larger weapons.
You are completely attuned to the shadows.


Message History

You hit the yak.
The yak is heavily wounded.
Your hound bites the yak but does no damage.
The yak gores you but does no damage. The yak gores you. x2
Unknown command.
You closely miss the yak.
The yak is heavily wounded.
Your hound bites the yak.
The yak gores you but does no damage. The yak misses you. x2
Unknown command.
You hit the yak but do no damage.
The yak is heavily wounded.
Your hound barely misses the yak.
Unknown command.
You barely miss the yak.
The yak is heavily wounded.
Your hound bites the yak but does no damage.
The yak completely misses you. The yak barely misses you. The yak misses you.
Unknown command.
You hit the yak.
The yak is severely wounded.
Your hound bites the yak.
The yak gores your hound! The yak completely misses you.
The yak barely misses you.
Unknown command.
You hit the yak but do no damage.
The yak is severely wounded.
Your hound bites the yak.
Unknown command.
You hit the yak but do no damage.
The yak is severely wounded.
Your hound bites the yak.
The yak gores you but does no damage. The yak gores your hound!
Your hound dies!
Your hound's corpse disappears in a puff of smoke!
The yak barely misses you.
As you read the scroll of teleportation, it crumbles to dust.
You feel strangely unstable. The yak closely misses you. The yak gores you!
* * * LOW HITPOINT WARNING * * *
The yak gores you!
You die...

Y..### ##..#........#...
§.Y..# ##......##†).....
#§...# #......###.#...#.
#..SY#####.##..###..#.#..
#.#...#....##........#...
..##8###.#####...........
##.#..##8.# #..........#
#........Y######..##.....#
=.....##Y@#.##.....##....#
.......#Y......#......#...
...<....§###...#.....###..
.......## ##..##....## ###
......#####...###...## ##
........#.#.#.#.#.#.#.# #.
........##.#.#.#.#.#..##
##
......#.#.#.#.#.#.#.#..##
......#..#.#.#.#.#.#....#


You could see 3 yaks and a friendly lightning spire (summoned).

Vanquished Creatures
  A troll (D:5)
  2 yaks
  A water moccasin (D:4)
  An ice beast (D:5)
  6 hounds
  A jelly (D:5)
  An orc priest (D:4)
  An iguana (D:5)
  An orc wizard (D:5)
  13 adders
  4 gnolls
  3 worms
  3 dart slugs
  9 orcs
  3 endoplasms
  2 giant cockroaches
  3 goblins
  5 hobgoblins
  5 kobolds
  6 quokkas
  10 ball pythons
  4 bats
  2 frilled lizards
  7 rats
94 creatures vanquished.

Vanquished Creatures (collateral kills)
  A yak (D:5)
  A shadow (D:5)
  Eustachio (D:4)
  A water moccasin (D:4)
  An ogre (D:5)
  A necrophage (D:5)
  2 scorpions (D:5)
  2 iguanas
  An orc wizard (D:4)
  3 gnolls (D:3)
  A white imp (D:5)
  An ufetubus (D:5)
  4 orcs (D:3)
  A ball python (D:1)
  2 goblins
  A hobgoblin (D:1)
  A frilled lizard (D:1)
  3 kobolds
  A rat (D:1)
29 creatures vanquished.

Vanquished Creatures (others)
  4 fungi (D:3)
  3 toadstools (D:2)
7 creatures vanquished.

Grand Total: 130 creatures vanquished

Notes
Turn   | Place    | Note
-------+----------+-------------------------------------------
     0 | D:1      | LnG the Kobold Summoner began the quest for the Orb.
     0 | D:1      | Reached XP level 1. HP: 10/10 MP: 3/3
   545 | D:1      | Found Maubb's Magic Scroll Shop.
   628 | D:1      | Reached XP level 2. HP: 15/15 MP: 1/5
   631 | D:1      | Learned a level 2 spell: Call Imp
   685 | D:1      | Found Nulloleu's Weapon Boutique.
   803 | D:1      | Found Mikk's Weapon Boutique.
  1062 | D:1      | Found Vighod's Armour Emporium.
  1165 | D:1      | Reached skill level 3 in Stealth
  1308 | D:1      | Found Feloach's General Store.
  2038 | D:1      | Bought a scroll of identify for 22 gold pieces
  2132 | D:2      | Reached XP level 3. HP: 18/19 MP: 6/6
  2136 | D:2      | Learned a level 3 spell: Call Canine Familiar
  2366 | D:2      | Reached skill level 4 in Stealth
  2366 | D:2      | Reached XP level 4. HP: 24/24 MP: 8/8
  2881 | D:2      | Noticed a floating eye
  2882 | D:2      | Found a faded altar of an unknown god.
  2885 | D:2      | Noticed a shining eye
  2889 | D:2      | Noticed a great orb of eyes
  3026 | D:2      | Noticed a floating eye
  3167 | D:1      | Bought a scroll of identify for 22 gold pieces
  3167 | D:1      | Bought a scroll of magic mapping for 82 gold pieces
  3167 | D:1      | Bought a scroll of blinking for 82 gold pieces
  3167 | D:1      | Bought a scroll of identify for 22 gold pieces
  3415 | D:3      | Reached skill level 1 in Short Blades
  3594 | D:3      | Reached XP level 5. HP: 28/28 MP: 9/9
  3725 | D:3      | Reached skill level 5 in Stealth
  3774 | D:3      | Found a blossoming altar of Fedhas.
  3791 | D:3      | Found a white marble altar of Elyvilon.
  4254 | D:4      | Noticed Eustachio
  4406 | D:4      | Noticed a water moccasin
  4420 | D:4      | Killed a water moccasin
  4421 | D:4      | Reached skill level 1 in Fighting
  4421 | D:4      | Reached skill level 6 in Stealth
  4421 | D:4      | Reached XP level 6. HP: 20/34 MP: 5/10
  4695 | D:4      | Found the +1 Delatra's gloves {ID++}
  4942 | D:4      | Found Jefiov's Serpentskin Sales.
  4942 | D:4      | Noticed a water moccasin
  4946 | D:4      | Killed a water moccasin
  4947 | D:4      | Reached XP level 7. HP: 38/38 MP: 10/12
  5341 | D:4      | Reached skill level 7 in Stealth
  5462 | D:4      | Learned a level 3 spell: Summon Guardian Golem
  5538 | D:4      | Found a shimmering blue altar of Sif Muna.
  5614 | D:5      | Entered Level 5 of the Dungeon
  5642 | D:5      | Noticed a troll
  5646 | D:5      | Killed a troll
  5647 | D:5      | Reached skill level 8 in Stealth
  5647 | D:5      | Reached XP level 8. HP: 44/44 MP: 13/13
  5652 | D:5      | Learned a level 4 spell: Summon Lightning Spire
  5658 | D:5      | Noticed a shadow
  5846 | D:5      | Reached skill level 5 in Summonings
  5933 | D:5      | Reached skill level 5 in Short Blades
  6201 | D:5      | Reached skill level 9 in Stealth
  6238 | D:5      | Noticed a moth of wrath
  6244 | D:5      | Found a bloodstained altar of Trog.
  6808 | D:5      | Killed a shadow
  6809 | D:5      | Reached skill level 5 in Dodging
  6809 | D:5      | Reached XP level 9. HP: 13/49 MP: 11/15
  7135 | D:5      | Found a staircase to the Ecumenical Temple.
  7140 | Temple   | Entered the Ecumenical Temple
  7350 | D:5      | Found a sacrificial altar of Ru.
  7632 | D:4      | Reached skill level 5 in Spellcasting
  7736 | D:4      | Killed Eustachio
  8093 | D:5      | Slain by a yak

Illustrated notes

Levels and vault maps discovered:
D:1:      wander_arrival_fairy_ring, layout_basic, serial_shops,
          nicolae_diamond_shop, shop, shop, shop,
          nicolae_shop_bloodbath_and_beyond, grunt_decor_fettered,
          minmay_pentomino_v4
D:2:      layout_loops_ring, hellmonk_ecumenical_altar_watching_god,
          minmay_gold_behind_fungi
D:3:      layout_basic, elyvilon_altar_1, fedhas_altar_2
D:4:      layout_cave_pools, lemuel_tele_altar, serial_glass, glass_columns_c,
          glass_columns_b, glass_columns_c, glass_columns_a,
          guppyfry_shop_venom, uniq_eustachio
D:5:      cheibrodos_fzero, layout_cave_pools, tgw_trog,
          mainiacjoe_overflow_catwalk, minmay_temple_entry_antechambers,
          minivault_23, uniq_crazy_yiuf_cottage
Temple:   nicolae_temple_ecumenical_triangle

Skill      XL: |  1  2  3  4  5  6  7  8  9 |
---------------+----------------------------+-----
Stealth        | 3 4 6 8 9 |  9.5
Short Blades   | 1 2 3 4 5 6 |  6.0
Dodging        | 3 5 |  5.9
Fighting       | 1 2 |  2.9
Spellcasting   | 3 4 5 |  5.6
Summonings     | 5 6 |  6.2
Air Magic      | |  0.5

Action                   |  1- 3 |  4- 6 |  7- 9 || total
-------------------------+-------+-------+-------++-------
Melee: Unarmed           |    14 |       |       ||    14
       Dagger            |    46 |   150 |   355 ||   551
       Punch             |     1 |     1 |     5 ||     7
 Cast: Summon Small Mamm |    13 |       |     2 ||    15
       Call Imp          |     4 |     5 |    10 ||    19
       Call Canine Famil |       |     6 |    23 ||    29
       Summon Guardian G |       |       |     1 ||     1
       Summon Lightning  |       |       |     5 ||     5
  Use: Scroll            |     3 |     9 |     3 ||    15
       Potion            |       |     1 |       ||     1
 Stab: Sleeping          |    13 |    24 |    21 ||    58
       Distracted        |       |       |     3 ||     3
Armor: Robe              |     4 |    32 |    99 ||   135
Dodge: Dodged            |    38 |    85 |   226 ||   349

Table legend: (Time is in decaauts)
 A = Elapsed time spent in this place.
 B = Non-inter-level travel time spent in this place.
 C = Inter-level travel time spent in this place.
 D = Time resting spent in this place.
 E = Time spent auto-exploring this place.
 F = Levels seen in this place.
 G = Mean time per level.
                   A        B        C        D        E       F      G
               +--------+--------+--------+--------+--------+-----+--------+
         Total |   7995 |   7652 |    343 |   2868 |   3444 |   6 | 1332.5 |
       Dungeon |   7876 |   7582 |    294 |   2868 |   3387 |   5 | 1575.2 |
        Temple |    118 |     69 |     49 |      0 |     57 |   1 |  118.0 |
               +--------+--------+--------+--------+--------+-----+--------+

Top non-repeatable levels by time:
     D:1: 2134 daAuts
     D:5: 2000 daAuts
     D:4: 1543 daAuts
     D:3: 1109 daAuts
     D:2: 1089 daAuts
  Temple: 118 daAuts
